 Dungeon Crawl Stone Soup version 0.18-a0-1454-g5e6cd1e (webtiles) character file.

35 KarvaRausku the Firebug (level 3, 0/21 HPs)
             Began as a High Elf Fire Elementalist on Mar 1, 2016.
             Succumbed to an adder's poison
             ... on level 2 of the Dungeon.
             The game lasted 00:07:25 (1321 turns).

KarvaRausku the Firebug (HEFE)                      Turns: 1321, Time: 00:07:25

Health: 0/21       AC:  2    Str:  7    XL:     3   Next: 16%
Magic:  0/8        EV: 13    Int: 20    God:
Gold:   51         SH:  0    Dex: 15    Spells: 2 memorised, 5 levels left

rFire  . . .     SeeInvis .     (no weapon)
rCold  . . .     Gourm    .     a - +0 robe
rNeg   . . .     Faith    .     (no shield)
rPois  .         Spirit   .     (no helmet)
rElec  .         Dismiss  .     (no cloak)
rCorr  .         Reflect  .     (no gloves)
SustAt .         Harm     .     (no boots)
MR     .....                    (no amulet)
Stlth  ++........               (no ring)
                                (no ring)

@: lethally poisoned (0 -> -3), very slightly contaminated, not resistant to
hostile enchantments, unstealthy
A: no striking features
a: no special abilities


You were on level 2 of the Dungeon.
You were not hungry.

You visited 1 branch of the dungeon, and saw 2 of its levels.

You collected 51 gold pieces.

Inventory:

Armour
 a - a +0 robe (worn)
Jewellery
 f - an uncursed amulet of dismissal {unknown}
Scrolls
 d - a scroll of identify {unknown}
 e - a scroll of teleportation {unknown}
 i - a scroll of fear {unknown}
 k - a scroll of enchant weapon {unknown}
 l - a scroll of immolation {unknown}
Potions
 j - a potion of heal wounds {unknown}
Books
 b - a book of Flames

   Spells                             Type                      Level
   a - Flame Tongue                   Conjuration/Fire             1
   b - Throw Flame                    Conjuration/Fire             2
   c - Conjure Flame                  Conjuration/Fire             3
   d - Inner Flame                    Hexes/Fire                   3
   e - Sticky Flame                   Conjuration/Fire             4
   f - Fireball                       Conjuration/Fire             5
Comestibles
 c - a bread ration
 g - 2 chunks of flesh


   Skills:
 + Level 0.2 Fighting
 + Level 2.4 Dodging
 - Level 2.1 Stealth
 + Level 3.1 Spellcasting
 + Level 1.8 Conjurations
 + Level 3.4 Fire Magic


You had 5 spell levels left.
You knew the following spells:

 Your Spells              Type           Power        Failure   Level  Hunger
a - Flame Tongue          Conj/Fire      ##...        6%          1    None
b - Throw Flame           Conj/Fire      ##....       10%         2    ##.....


Dungeon Overview and Level Annotations

Branches:
Dungeon (2/15)

Altars:


Message History

The flame tongue misses the adder.
* * * LOW HITPOINT WARNING * * *
You feel sick. The adder closely misses you. x2
Drink which item? (? for menu, Esc to quit)
It was a potion of curing.
You feel better. The adder bites you but does no damage. The adder bites you.
* * * LOW HITPOINT WARNING * * *
Casting: Flame Tongue
Confirm with . or Enter, or press ? or * to list all spells.
Aiming: Flame Tongue
Press: ? - help, Shift-Dir - straight line, f/p - adder
Aim: an adder (severely wounded)
The flame tongue misses the adder.
The adder bites you.
* * * LOW HITPOINT WARNING * * *
You are lethally poisoned!
The adder poisons you!
You hit the adder but do no damage.
The adder is severely wounded.
You die...

####.(..........
.........# ###..[..#
#.......# # #.##.#### #.
#.##.# #.# #.##.##.# ##.#
#......S#####..#
#.......@...)..#
#..#.########..# #..#.#
#..# #..#.# #..#
#..#.##### #..#######
#.....†..# #........#
#>.##.##.# ##.######.#
#..##.##.# #...# #.#
#..##.##.####..#####.##.#


You could see an adder.

Vanquished Creatures
  An adder (D:2)
  2 giant cockroaches (D:1)
  3 goblins (D:1)
  6 hobgoblins
  2 jackals (D:2)
  A bat (D:1)
  2 giant newts
  4 kobolds
  3 rats (D:1)
24 creatures vanquished.

Notes
Turn   | Place    | Note
--------------------------------------------------------------
     0 | D:1      | KarvaRausku the High Elf Fire Elementalist began the quest for the Orb.
     0 | D:1      | Reached XP level 1. HP: 11/11 MP: 4/4
   220 | D:1      | Reached XP level 2. HP: 4/17 MP: 3/6
  1032 | D:2      | Learned a level 2 spell: Throw Flame
  1215 | D:2      | Reached XP level 3. HP: 14/21 MP: 0/8
  1320 | D:2      | HP: 1/21 [adder (3)]
  1321 | D:2      | Succumbed to an adder's poison

Vault maps used:
D:1:      onia_arrival_pentagram
D:2:      nicolae_qazlal_general_emergency, first_bread,
          kennysheep_generic_room_7

Skill      XL: |  1  2 |
---------------+-------+-----
Spellcasting   | 3 |  3.1
Fighting       | |  0.2
Dodging        | |  2.4
Stealth        | |  2.1
Conjurations   | |  1.8
Fire Magic     | |  3.4

Action                   || total
-------------------------++-------
Melee: Unarmed           ||    46
 Cast: Flame Tongue      ||    58
       Throw Flame       ||     1
  Use: Potion            ||     1
 Stab: Sleeping          ||     1
  Eat: Chunk             ||     1
